 Dungeon Crawl Stone Soup version 0.27-a0-607-g1ad3dbde53 (webtiles) character file.

Game seed: 17536106820142287119

484 Gaff the Skirmisher (level 7, -5/71 HPs)
             Began as an Ogre Warper on Mar 13, 2021.
             Killed by divine providence
             ... invoked by an orc priest
              (11 damage)
             ... on level 5 of the Dungeon.
             The game lasted 00:14:01 (6941 turns).

Gaff the Skirmisher (Ogre Warper)                   Turns: 6941, Time: 00:14:01

Health: -5/71      AC:  2    Str: 18    XL:     7   Next: 12%
Magic:  13/13      EV: 15    Int: 14    God:
Gold:   303        SH:  0    Dex: 14    Spells: 5/14 levels left

rFire    . . .     SeeInvis .   a - +0 mace
rCold    . . .     Faith    .   (no shield)
rNeg     . . .     Spirit   .   b - +0 robe
rPois    .         Reflect  .   (helmet restricted)
rElec    .         Harm     .   y - scarf {repulsion}
rCorr    .         Rampage  .   (gloves unavailable)
Will     +....     Rnd*Rage +   (boots unavailable)
Stlth    +.........             c - amulet of magic regeneration
HPRegen  0.21/turn              j - +4 ring of evasion
MPRegen  0.38/turn              x - +6 ring of dexterity

@: repel missiles
A: large, unfitting armour, fangs 1, berserk 1, deformed body, strong-willed 1,
tough skin 1
a: no special abilities


You were on level 5 of the Dungeon.
You visited 1 branch of the dungeon, and saw 5 of its levels.
You also visited: Sewer.

You collected 303 gold pieces.

Inventory:

Hand Weapons
 a - a +0 mace (weapon)
 f - a +1 dagger of holy wrath
Missiles
 e - 5 boomerangs of dispersal (quivered)
 o - 22 poisoned darts
 q - a curare-tipped dart
Armour
 b - a +0 robe (worn)
 y - a scarf of repulsion (worn)
Jewellery
 c - an amulet of magic regeneration (around neck)
 j - a +4 ring of evasion (right hand)
 x - a +6 ring of dexterity (left hand)
Wands
 t - a wand of charming (8)
Scrolls
 d - a scroll of blinking
 h - 2 scrolls of identify
 k - a scroll of enchant armour
 p - a scroll of noise {unknown}
 u - 2 scrolls of teleportation
 w - a scroll of fear {unknown}
 A - a scroll of random uselessness {unknown}
Potions
 g - a potion of mutation
 i - 2 potions of heal wounds {unknown}
 l - a potion of invisibility {unknown}
 m - 4 potions of lignification {unknown}
 n - a potion of resistance {unknown}
 r - 5 potions of curing {unknown}
 s - 2 potions of flight
 v - a potion of cancellation {unknown}
 z - 3 potions of degeneration {unknown}


   Skills:
 + Level 4.8 Fighting
 + Level 3.5 Maces & Flails
 - Level 1.0 Throwing
 + Level 3.5 Dodging
 - Level 0.1 Stealth
 + Level 4.1 Spellcasting
 + Level 4.0 Translocations


You had 5 spell levels left.
You knew the following spells:

 Your Spells              Type           Power      Damage    Failure   Level
a - Blink                 Tloc           N/A        N/A       5%          2
b - Gell's Gravitas       Tloc           7%         N/A       11%         3
c - Manifold Assault      Tloc           14%        N/A       34%         4

Your spell library contained the following spells:

 Spells                   Type           Power      Damage    Failure   Level
 Lesser Beckoning         Tloc           7%         N/A       11%         3
 Teleport Other           Tloc           14%        N/A       11%         3
 Magic Dart               Conj           8%         1d3       19%         1
 Summon Small Mammal      Summ           8%         N/A       19%         1
 Call Imp                 Summ           2%         N/A       28%         2
 Slow                     Hex            2%         N/A       28%         2
 Call Canine Familiar     Summ           2%         N/A       50%         3
 Conjure Flame            Conj/Fire      2%         6-21      50%         3
 Mephitic Cloud           Conj/Pois/Air  2%         N/A       50%         3
 Summon Guardian Golem    Hex/Summ       2%         N/A       50%         3
 Summon Ice Beast         Ice/Summ       2%         N/A       88%         4
 Summon Lightning Spire   Summ/Air       2%         N/A       88%         4


Dungeon Overview and Level Annotations

Branches:
Dungeon (5/15)              Sewer (visited)
 Temple: D:4-7

Altars:
Wu Jian


Innate Abilities, Weirdness & Mutations

You are too large for most types of armour.
You have tough skin. (AC +1)
You have very sharp teeth.
You tend to lose your temper in combat.
Armour fits poorly on your strangely shaped body.
You are strong-willed. (Will+)


Message History

You hit the hound but do no damage. You bite the hound, but do no damage.
The hound is heavily wounded.
The hound bites you.
The orc priest drinks a potion.
The orc priest seems to speed up.
The hound barely misses you. The hound misses you.
The orc priest invokes the aid of Beogh against you.
Beogh smites you! The hound bites you but does no damage.
The hound closely misses you.
Casting: Manifold Assault (dangerous; 34% risk of failure)
Confirm with . or Enter, or press ? or * to list all spells.
You blink.
The orc priest begins to cast a cantrip, but forgets the words!
The orc priest invokes the aid of Beogh against you.
Beogh smites you! The orc priest misses you. The orc priest misses you.
Found 22 bolts.
The orc priest misses you.
The orc priest hits you with a +0 falchion.
* * * LOW HITPOINT WARNING * * *
Casting: Blink (safe; 5% risk of failure)
Confirm with . or Enter, or press ? or * to list all spells.
You blink.
An orc wizard comes into view. It is wielding a +0 dagger.
The orc wizard shouts!
The orc priest miscasts a cantrip.
Things that are here:
a +0 leather armour; a +0 hand axe The orc priest mumbles some strange prayers to Beogh against you.
Beogh smites you!
* * * LOW HITPOINT WARNING * * *
The orc priest invokes the aid of Beogh against you.
Beogh smites you!
* * * LOW HITPOINT WARNING * * *
The orc priest invokes the aid of Beogh against you.
You easily resist.
The orc priest calls down the wrath of Beogh upon you.
Beogh smites you!
You die...

##########)#.......####..........
##.....#.####...#o....###
#...#....# #.###[###..#
##.#.....####..##h.# ##.# ##
#..#........#.##.o.# .# .##
##.#...#.###...##.#.### ..
..#####..#..##.# #..###.h...# #.#
#....##....###.###...#......# (#
.............)<.@..ooh......#
####..##..####.#....###.......#
##..##..# #.#.#.># #.....#.#
#...##.## #...#.## #.#####.#
###.#.##.# ##.....# #.#
....#....####....### #..
..####.........### ##. ..#
#..#.###### # .## #...#.#


You could see a hound and 2 orc priests.

Vanquished Creatures
  A kobold brigand (Sewer)
  A hound (D:4)
  An orc priest (D:4)
  An iguana (D:4)
  An orc wizard (D:5)
  2 worker ants
  A hound skeleton (D:4)
  A river rat (Sewer)
  7 adders
  3 gnolls (D:4)
  An ooze (D:2)
  An adder skeleton (D:5)
  7 worms
  5 dart slugs
  8 leopard geckos
  6 orcs
  4 bats
  8 giant cockroaches
  5 goblins
  7 hobgoblins
  4 jackals
  9 kobolds
  4 quokkas
  A ball python (D:1)
  2 frilled lizards
  A leopard gecko skeleton (D:3)
  11 rats
103 creatures vanquished.

Notes
Turn   | Place    | Note
-------+----------+-------------------------------------------
     0 | D:1      | Gaff the Ogre Warper began the quest for the Orb.
     0 | D:1      | Reached XP level 1. HP: 22/22 MP: 3/3
   437 | D:1      | Reached XP level 2. HP: 29/29 MP: 5/5
   440 | D:1      | Learned a level 2 spell: Blink
  1127 | D:2      | Reached XP level 3. HP: 23/36 MP: 7/7
  1680 | D:2      | Reached XP level 4. HP: 10/45 MP: 8/8
  2992 | D:3      | Reached XP level 5. HP: 53/53 MP: 9/9
  3170 | D:3      | Gained mutation: You tend to lose your temper in combat.
                  | [potion of mutation]
  3170 | D:3      | Gained mutation: You are strong-willed. (Will+) [potion of
                  | mutation]
  3170 | D:3      | Gained mutation: Armour fits poorly on your strangely
                  | shaped body. [potion of mutation]
  3170 | D:3      | Gained mutation: You have very sharp teeth. [potion of
                  | mutation]
  3889 | D:3      | Learned a level 3 spell: Gell's Gravitas
  3976 | D:3      | You fall into a shaft and drop 2 floors!
  3976 | D:5      | Entered Level 5 of the Dungeon
  4071 | D:5      | Found a glowing drain.
  4123 | Sewer    | Entered a sewer
  4313 | Sewer    | Noticed a kobold brigand
  4362 | Sewer    | Killed a kobold brigand
  4363 | Sewer    | Reached XP level 6. HP: 31/62 MP: 11/11
  4582 | Sewer    | Found a white marble altar of Elyvilon.
  6360 | D:4      | Reached XP level 7. HP: 26/71 MP: 11/13
  6580 | D:4      | Learned a level 4 spell: Manifold Assault
  6693 | D:5      | Found an ornate altar of the Wu Jian Council.
  6941 | D:5      | Killed from afar by an orc priest

Illustrated notes

Levels and vault maps discovered:
D:1:      dpeg_arrival_erosion, layout_rooms, minmay_misc_feat_tiny,
          corner_web_ring
D:2:      layout_rooms, grunt_decor_fettered
D:3:      layout_loops_ring, minivault_26
D:4:      layout_loops_ring, kennysheep_generic_room_8
D:5:      layout_rooms, nicolae_wu_jian_glorious_leap, portal_sewer_entry_f

Skill      XL: |  1  2  3  4  5  6  7 |
---------------+----------------------+-----
Translocations | 3 4 |  4.0
Fighting       | 3 4 |  4.8
Maces & Flails | 2 3 |  3.5
Spellcasting   | 3 4 |  4.1
Dodging        | 3 |  3.5
Throwing       | |  1.0
Stealth        | |  0.1

Action                   |  1- 3 |  4- 6 |  7- 9 || total
-------------------------+-------+-------+-------++-------
Melee: Mace              |    95 |   335 |    25 ||   455
       Bite              |       |    20 |     2 ||    22
 Cast: Blink             |       |     3 |     2 ||     5
       Manifold Assault  |       |       |     2 ||     2
  Use: Scroll            |       |     2 |       ||     2
       Potion            |       |     2 |       ||     2
Armor: Robe              |    23 |    66 |     2 ||    91
Dodge: Dodged            |    75 |   271 |    28 ||   374
       Repelled          |       |     1 |       ||     1

Table legend: (Time is in decaauts)
 A = Elapsed time spent in this place.
 B = Non-inter-level travel time spent in this place.
 C = Inter-level travel time spent in this place.
 D = Time resting spent in this place.
 E = Time spent auto-exploring this place.
 F = Levels seen in this place.
 G = Mean time per level.
                   A        B        C        D        E       F      G
               +--------+--------+--------+--------+--------+-----+--------+
         Total |   7144 |   6954 |    190 |   3044 |   1985 |   6 | 1190.7 |
       Dungeon |   6509 |   6319 |    190 |   2763 |   1907 |   5 | 1301.8 |
         Sewer |    635 |    635 |      0 |    281 |     78 |   1 |  635.0 |
               +--------+--------+--------+--------+--------+-----+--------+

Top non-repeatable levels by time:
     D:2: 1986 daAuts
     D:4: 1465 daAuts
     D:3: 1272 daAuts
     D:1: 1168 daAuts
   Sewer: 635 daAuts
     D:5: 617 daAuts
